 Dungeon Crawl Stone Soup version 0.28.0-47-ge53b351184 (webtiles) character file.

Game seed: 9185396281271459296

55 CryoSword the Skirmisher (level 3, -7/29 HPs)
             Began as a Demonspawn Hedge Wizard on May 1, 2022.
             Mangled by Sigmund
             ... wielding a +0 scythe
              (8 damage)
             ... on level 3 of the Dungeon.
             The game lasted 00:03:48 (2322 turns).

CryoSword the Skirmisher (Demonspawn Hedge Wizard)  Turns: 2322, Time: 00:03:48

Health: -7/29      AC:  8    Str: 12    XL:     3   Next: 67%
Magic:  7/7        EV:  5    Int: 15    God:
Gold:   26         SH:  0    Dex: 12    Spells: 7/8 levels left

rFire   . . .      SeeInvis .   g - +0 hand axe (vorpal)
rCold   . . .      Faith    .   (no shield)
rNeg    . . .      Spirit   .   j - +0 chain mail
rPois   .          Reflect  .   c - +0 hat
rElec   .          Harm     .   (no cloak)
rCorr   .          Rampage  .   (no gloves)
Will    .....                   (no boots)
Stlth   ..........              (no amulet)
HPRegen 0.09/turn               (no ring)
MPRegen 0.10/turn               (no ring)

@: mighty
A: antennae 2
a: no special abilities


You were on level 3 of the Dungeon.
You visited 1 branch of the dungeon, and saw 3 of its levels.

You collected 70 gold pieces.
You spent 44 gold pieces at shops.

Inventory:

Hand Weapons
 g - a +0 vorpal hand axe (weapon)
   (You found it on level 1 of the Dungeon)
Missiles
 i - 3 poisoned darts
Armour
 c - a +0 hat (worn)
 j - a +0 chain mail (worn)
   (You found it on level 1 of the Dungeon)
Scrolls
 a - a scroll of enchant armour {unknown}
 e - a scroll of enchant weapon {unknown}
 h - a scroll of vulnerability {unknown}
 k - a scroll of noise {unknown}
 l - a scroll of fear {unknown}
Potions
 d - 3 potions of curing {@q1}
 f - a potion of resistance


   Skills:
 + Level 3.4 Fighting
 - Level 1.7 Dodging
 - Level 1.7 Stealth
 - Level 3.0 Spellcasting
 - Level 1.0 Conjurations
 - Level 1.0 Summonings
 - Level 0.8 Translocations


You had 7 spell levels left.
You knew the following spells:

 Your Spells              Type           Power      Damage    Failure   Level
a - Magic Dart            Conj           20%        1d4       100%        1

Your spell library contained the following spells:

 Spells                   Type           Power      Damage    Failure   Level
 Slow                     Hex            8%         N/A       100%        1
 Blink                    Tloc           8%         N/A       100%        2
 Call Imp                 Summ           5%         N/A       100%        2
 Conjure Flame            Conj/Fire      3%         6-21      100%        3
 Mephitic Cloud           Conj/Pois/Air  3%         N/A       100%        3


Dungeon Overview and Level Annotations

Branches:
Dungeon (3/15)

Altars:
Uskayaw

Shops:
D:2 ?

Annotations:
D:3 Sigmund


Innate Abilities, Weirdness & Mutations

You have a pair of antennae on your head.


Message History

You sense a monster nearby.
A black bear comes into view.
The black bear growls angrily.
A black bear is nearby!
The black bear bites you but does no damage.
The black bear claws you but does no damage.
The black bear claws you.
You hit the black bear. The black bear bites you. The black bear claws you.
The black bear claws you but does no damage.
The black bear bites you. The black bear claws you.
The black bear claws you but does no damage.
A kobold comes into view. It is wielding a +0 short sword.
The kobold shouts!
You hear a shout!
A giant cockroach comes into view.
The kobold hits you with a +0 short sword.
The kobold hits you with a +0 short sword.
* * * LOW HITPOINT WARNING * * *
A kobold comes into view.
It is wielding a +0 short sword and carrying a wand of polymorph (8).
The kobold shouts!
There is a stone staircase leading up here.
The kobold hits you but does no damage.
You climb upwards.
There is a stone staircase leading down here.
You barely miss the kobold. The kobold hits you but does no damage.
You hit the kobold.
You kill the kobold!
There is an open door here.
There is a stone staircase leading down here.
You start resting.
You climb downwards.
There is a stone staircase leading up here.
You climb upwards.
There is a stone staircase leading down here.
There is an open door here.
You see here a +0 dagger.
There is an open door here.
There is an open door here.
There is an open door here.
There is a stone staircase leading down here.
You climb downwards.
There is a stone staircase leading up here.
You now have 16 gold pieces (gained 7).
You now have 19 gold pieces (gained 3).
A hobgoblin comes into view.
The hobgoblin shouts!
A hobgoblin is nearby!
A quokka comes into view.
Found an escape hatch in the floor.
You closely miss the hobgoblin.
The hobgoblin hits you but does no damage.
The hobgoblin hits you.
You barely miss the hobgoblin.
The hobgoblin hits you but does no damage.
You hit the hobgoblin.
You kill the hobgoblin!
The quokka bites you but does no damage.
You slash the quokka!
You kill the quokka!
You see here a hobgoblin corpse.
There is a stone staircase leading up here.
You climb upwards.
There is a stone staircase leading down here.
There is an open door here.
There is an open door here.
There is an escape hatch in the floor here.
There is an open door here.
There is an open door here.
There is an open door here.
There is an open door here.
There is a stone staircase leading down here.
You climb downwards.
There is a stone staircase leading up here.
There is a stone staircase leading down here.
You climb downwards.
You hear the sound of rushing water.
There is an entrance to a sewer on this level.
Hurry and find it before the portal rusts away!
The hobgoblin shouts!
Found 7 gold pieces.
Found a stone staircase leading down.
There is a stone staircase leading up here.
Unknown command.
You hit the hobgoblin.
You kill the hobgoblin!
No target in view!
You now have enough gold to buy a scroll of identify on D:2.
You now have 26 gold pieces (gained 7).
A giant cockroach comes into view.
A giant cockroach is nearby!
The giant cockroach completely misses you.
You barely miss the giant cockroach.
The giant cockroach bites you but does no damage. x2
You slash the giant cockroach!
You kill the giant cockroach!
No target in view!
Found a hide-covered altar of Uskayaw.
An adder comes into view.
The adder hisses angrily.
You hit the adder. The adder bites you. The adder bites you but does no damage.
You closely miss the adder. The adder bites you.
You are poisoned.
The adder poisons you! The adder bites you but does no damage.
You hit the adder.
You kill the adder!
You feel sick.
No target in view!
You feel sick.
You feel sick.
You feel sick.
You feel sick.
You are no longer poisoned.
You hear the slow rusting of a very distant drain.
You hear the slow rusting of a very distant drain.
You hear the slow rusting of a very distant drain.
Sigmund the Dreaded comes into view.
He is wielding a +0 scythe.
Sigmund casts a spell at you.
You are confused.
Unknown command.
Unknown command.
Sigmund gestures wildly while chanting.
Sigmund flickers and vanishes!
Deactivating autopickup; reactivate with Ctrl-A.
A magic dart appears from out of thin air!
The magic dart hits you!
You bump into the rock wall.
You feel less confused.
Unknown command.
Okay, then.
Okay, then.
Okay, then.
Unknown command.
Okay, then.
You feel very mighty all of a sudden. Something hits you but does no damage.
You slash something! You miss something. Something hits you but does no damage.
You slash something! Something hits you.
You closely miss something. Something hits you but does no damage.
You miss something. Something hits you.
* * * LOW HITPOINT WARNING * * *
You miss something. Your punch misses something.
Something hits you but does no damage.
You barely miss something.
You hear some strange, mumbled words.
A magic dart appears from out of thin air!
The magic dart hits you but does no damage.
You miss something. Something hits you.
* * * LOW HITPOINT WARNING * * *
You closely miss something. Something hits you.
* * * LOW HITPOINT WARNING * * *
You miss something. Something hits you!
You die...

##....# ####.## #..#
##{# #.## #..# ##.##
#################{.#
................@..#
#.._..####..####...#
..................##
###################


There were no monsters in sight!

Vanquished Creatures
  An adder (D:3)
  3 dart slugs
  3 bats (D:1)
  4 endoplasms
  2 giant cockroaches
  4 goblins (D:1)
  8 hobgoblins
  3 quokkas
  3 kobolds (D:1)
  2 rats (D:1)
33 creatures vanquished.

Notes
Turn   | Place    | Note
-------+----------+-------------------------------------------
     0 | D:1      | CryoSword the Demonspawn Hedge Wizard began the quest for
                  | the Orb.
     0 | D:1      | Reached XP level 1. HP: 13/13 MP: 4/4
   127 | D:1      | Reached skill level 1 in Fighting
   488 | D:1      | Gained mutation: You have a pair of small antennae on your
                  | head. [demonic ancestry]
   488 | D:1      | Reached XP level 2. HP: 22/22 MP: 6/6
  1102 | D:1      | Gained mutation: You have a pair of antennae on your head.
                  | [demonic ancestry]
  1102 | D:1      | Reached XP level 3. HP: 26/28 MP: 7/7
  1434 | D:2      | Found Wiewkini's Magic Scroll Shop.
  1456 | D:2      | Bought a scroll of identify for 22 gold pieces
  1456 | D:2      | Bought a scroll of identify for 22 gold pieces
  1600 | D:2      | Noticed a black bear
  2154 | D:3      | Found a hide-covered altar of Uskayaw.
  2293 | D:3      | Noticed Sigmund
  2321 | D:3      | HP: 1/29 [something (5)]
  2322 | D:3      | Mangled by Sigmund

Illustrated notes

Levels and vault maps discovered:
D:1:      tarquinn_simple_flora_water_f, layout_basic, minmay_domino_4
D:2:      layout_basic, serial_shops, shop
D:3:      layout_rooms, mainiacjoe_overflow_boulevard,
          gammafunk_temple_overflow_pools, gup_sewer_entry_bubbles,
          uniq_sigmund, uniq_natasha

Skill      XL: |  1  2  3 |
---------------+----------+-----
Fighting       | 1 2 3 |  3.4
Dodging        | |  1.7
Stealth        | |  1.7
Spellcasting   | |  3.0
Conjurations   | |  1.0
Summonings     | |  1.0
Translocations | |  0.8

Action                   || total
-------------------------++-------
Melee: Hand axe          ||    81
       Dagger            ||     7
 Cast: Magic Dart        ||     6
  Use: Scroll            ||     3
       Potion            ||     1
 Stab: Sleeping          ||     1
Armor: Robe              ||     6
       Chain mail        ||    44
       Leather armour    ||     3
Dodge: Dodged            ||    36
